 Dungeon Crawl Stone Soup version 0.31-a0-208-gdb31a4691d (webtiles) character file.

Game seed: 15795360356435509233

84 Anon1729 the Trooper (level 4, -6/40 HPs)
             Began as a Minotaur Monk on June 28, 2023.
             Mangled by a gnoll sergeant
             ... wielding a +0 trident
              (14 damage)
             ... on level 2 of the Dungeon.
             The game lasted 00:01:06 (872 turns).

Anon1729 the Trooper (Minotaur Monk)                 Turns: 872, Time: 00:01:07

Health: -6/40      AC:  3    Str: 15    XL:     4   Next: 23%
Magic:  4/4        EV: 13    Int:  7    God:
Gold:   50         SH:  0    Dex: 15    Spells: 3/3 levels left

rFire   . . .        a - +0 short sword
rCold   . . .        d - orb {light}
rNeg    . . .        b - +0 robe
rPois   .            (helmet restricted)
rElec   .            (no cloak)
rCorr   .            (no gloves)
SInv    .            e - +0 pair of boots
Will    .....        (no amulet)
Stlth   +            (no ring)
HPRegen 0.26/turn    (no ring)
MPRegen 0.09/turn

%: no passive effects
@: glowing
A: horns 2, retaliatory headbutt
a: no special abilities


You were on level 2 of the Dungeon.
You visited 1 branch of the dungeon, and saw 2 of its levels.

You collected 91 gold pieces.
You spent 41 gold pieces at shops.

Inventory:

Hand Weapons
 a - a +0 short sword (weapon)
Armour
 b - a +0 robe (worn)
 d - an orb of light (worn)
 e - a +0 pair of boots (worn)
Jewellery
 l - a +6 ring of strength
Scrolls
 f - 2 scrolls of teleportation {unknown}
 g - a scroll of fog {unknown}
 i - a scroll of butterflies {unknown}
 j - a scroll of identify {unknown}
 m - a scroll of silence {unknown}
Potions
 c - a potion of ambrosia
 h - a potion of curing
 k - a potion of berserk rage {unknown}


   Skills:
 + Level 4.2 Fighting
 + Level 3.8 Short Blades
 + Level 1.9 Armour
 + Level 3.8 Dodging
 + Level 1.4 Invocations


You had 3 spell levels left.
You didn't know any spells.
Your spell library was empty.

Dungeon Overview and Level Annotations

Branches:
Dungeon (2/15)

Altars:

Shops:
D:1 *!!(


Innate Abilities, Weirdness & Mutations

You have a pair of horns on your head.
You reflexively headbutt those who attack you in melee.


Message History

The gnoll sergeant hits you with a +0 trident.
You hit the gnoll sergeant.
You headbutt the gnoll sergeant, but do no damage.
The gnoll sergeant is heavily wounded.
You hit the gnoll sergeant but do no damage.
The gnoll sergeant is heavily wounded.
The gnoll sergeant hits you but does no damage.
You hit the gnoll sergeant.
You headbutt the gnoll sergeant, but do no damage.
The gnoll sergeant is heavily wounded.
The gnoll sergeant barely misses you.
You hit the gnoll sergeant.
The gnoll sergeant is severely wounded.
The gnoll sergeant hits you with a +0 trident.
You hit the gnoll sergeant but do no damage.
The gnoll sergeant is severely wounded.
The gnoll sergeant hits you with a +0 trident!
* * * LOW HITPOINT WARNING * * *
You are too injured to fight recklessly!
You are too injured to fight recklessly!
You are too injured to fight recklessly!
You are too injured to fight recklessly!
You are too injured to fight recklessly!
You are too injured to fight recklessly!
You are too injured to fight recklessly!
You are too injured to fight recklessly!
You are too injured to fight recklessly!
You are too injured to fight recklessly!
You are too injured to fight recklessly!
You are too injured to fight recklessly!
You are too injured to fight recklessly!
You are too injured to fight recklessly!
You are too injured to fight recklessly!
You are too injured to fight recklessly!
You hit the gnoll sergeant but do no damage.
The gnoll sergeant is severely wounded.
You hit the gnoll sergeant but do no damage.
The gnoll sergeant is severely wounded.
The gnoll sergeant hits you with a +0 trident!
You die...

### ###.###
♣#..)..#♣
♣.#.....# ♣ ♣.
..... .♣
♣.###'###.♣
♣)..)g....♣
♣...@♣..♣
♣♣.♣..)♣
♣.)...♣ .# ##
♣♣.).♣♣ .#
#.##♣)$$♣ ##.#
..#♣♣.♣♣ .
.#.# #.# ♣.♣
... ...#
#.###.##.....
...#
####.........#


You could see a gnoll sergeant.

Vanquished Creatures
  Jessica (D:2)
  3 gnolls (D:2)
  4 endoplasms (D:1)
  3 giant cockroaches
  5 goblins (D:1)
  A hobgoblin (D:1)
  A quokka (D:1)
  4 ball pythons (D:1)
  4 kobolds
  3 rats
29 creatures vanquished.

Notes
Turn   | Place    | Note
-------+----------+-------------------------------------------
     0 | D:1      | Anon1729 the Minotaur Monk began the quest for the Orb.
     0 | D:1      | Reached XP level 1. HP: 19/19 MP: 0/0
   106 | D:1      | Found Wiaruan's Weapon Shoppe.
   129 | D:1      | Found Juruic's Distillery.
   138 | D:1      | Bought a potion of degeneration for 11 gold pieces
   169 | D:1      | Reached XP level 2. HP: 23/27 MP: 1/1
   258 | D:1      | Found Reabliuq's Distillery.
   277 | D:1      | Found Foakk's Distillery.
   283 | D:1      | Bought a potion of curing for 30 gold pieces
   302 | D:1      | Reached skill level 1 in Armour
   564 | D:1      | Found Jyme's General Store.
   755 | D:2      | Reached skill level 1 in Invocations
   787 | D:2      | Noticed Jessica
   793 | D:2      | Reached XP level 3. HP: 33/33 MP: 2/2
   798 | D:2      | Killed Jessica
   799 | D:2      | Reached skill level 4 in Fighting
   831 | D:2      | Reached XP level 4. HP: 33/40 MP: 2/4
   855 | D:2      | Noticed a gnoll sergeant
   857 | D:2      | Found the +5 woodcutter's axe
   872 | D:2      | Mangled by a gnoll sergeant

Illustrated notes

Levels and vault maps discovered:
D:1:      spicycebolla_green_bress_n_ham_2, layout_basic, serial_shops,
          nicolae_shop_just_a_little_nook, shop, shop, shop, shop, st_stairs_8,
          minmay_pentomino_u2
D:2:      layout_loops_ring, serial_shops, nicolae_shop_real_fake_doors,
          pf_guarded_unrand_woodcutter, uniq_jessica

Skill      XL: |  1  2  3 |
---------------+----------+-----
Armour         | 1 |  1.9
Invocations    | 1 |  1.4
Fighting       | 4 |  4.2
Short Blades   | |  3.8
Dodging        | |  3.8

Action                     |  1- 3 |  4- 6 || total
---------------------------+-------+-------++-------
  Melee: Short sword       |    60 |    13 ||    73
         Headbutt          |    14 |     4 ||    18
 Armour: Robe              |     9 |     2 ||    11
  Dodge: Dodged            |    41 |     6 ||    47

Table legend: (Time is in decaauts)
 A = Elapsed time spent in this place.
 B = Non-inter-level travel time spent in this place.
 C = Inter-level travel time spent in this place.
 D = Time resting spent in this place.
 E = Time spent auto-exploring this place.
 F = Levels seen in this place.
 G = Mean time per level.
                   A        B        C        D        E       F      G
               +--------+--------+--------+--------+--------+-----+--------+
         Total |    867 |    812 |     55 |      0 |    640 |   2 |  433.5 |
       Dungeon |    867 |    812 |     55 |      0 |    640 |   2 |  433.5 |
               +--------+--------+--------+--------+--------+-----+--------+

Top non-repeatable levels by time:
     D:1: 743 daAuts
     D:2: 123 daAuts
